 Dungeon Crawl Stone Soup version 0.19-a0-1193-g2641e52 (webtiles) character file.

197 epen the Poker (level 5, -1/42 HPs)
             Began as a Merfolk Monk on Aug 19, 2016.
             Succumbed to an orc wizard's poison
             ... on level 3 of the Dungeon.
             The game lasted 00:04:44 (3171 turns).

epen the Poker (Merfolk Monk)                       Turns: 3171, Time: 00:04:45

Health: -1/42      AC:  8    Str: 13    XL:     5   Next: 75%
Magic:  5/5        EV: 17    Int:  9    God:
Gold:   103        SH:  0    Dex: 21    Spells: 0 memorised, 4 levels left

rFire  . . .     SeeInvis .     j - +3 spear
rCold  + . .     Gourm    .     v - +1 scale mail {rC+}
rNeg   . . .     Faith    .     (no shield)
rPois  .         Spirit   .     (no helmet)
rElec  .         Dismiss  .     p - +0 cloak
rCorr  .         Reflect  .     (no gloves)
MR     .....     Harm     .     (no boots)
Stlth  ++........               (no amulet)
                                (no ring)
                                (no ring)

@: agile, lethally poisoned (-1 -> -46), flying
A: change form in water, swift swim
a: no special abilities


You were on level 3 of the Dungeon.
You were not hungry.

You visited 1 branch of the dungeon, and saw 3 of its levels.

You collected 103 gold pieces.

Inventory:

Hand Weapons
 a - a +0 spear
 j - a +3 spear (weapon)
Missiles
 l - 2 throwing nets (quivered)
Armour
 b - a +0 robe
 n - a +0 scale mail
 p - a +0 cloak (worn)
 v - a +1 scale mail of cold resistance (worn)
Jewellery
 u - an uncursed ring of fire
Wands
 q - a wand of confusion (31/48)
Scrolls
 d - 2 scrolls of magic mapping {unknown}
 e - 3 scrolls of remove curse {unknown}
 g - 2 scrolls of enchant armour {unknown}
 m - a scroll of random uselessness {unknown}
 o - 7 scrolls of identify {unknown}
 r - a scroll of fear {unknown}
 s - 2 scrolls of recharging {unknown}
 t - a scroll of noise {unknown}
 w - 2 scrolls of teleportation {unknown}
 y - a scroll of amnesia {unknown}
Potions
 h - a potion of agility
Comestibles
 c - 5 bread rations
 i - a meat ration


   Skills:
 + Level 4.1 Fighting
 + Level 5.5 Polearms
 * Level 2.4 Armour
 + Level 5.1 Dodging
 - Level 2.1 Stealth


You had 4 spell levels left.
You didn't know any spells.

Dungeon Overview and Level Annotations

Branches:
Dungeon (3/15)

Altars:
Makhleb

Annotations:
D:3 1 runed door, epen's ghost, amateur MfMo


Message History

The orc wizard is severely wounded.
* * * LOW HITPOINT WARNING * * *
You feel sick.
The orc wizard hits you but does no damage.
You are more poisoned.
You closely miss the orc wizard.
The orc wizard is severely wounded.
* * * LOW HITPOINT WARNING * * *
You feel sick.
The orc wizard hits you with a dagger of venom.
* * * LOW HITPOINT WARNING * * *
You are more poisoned.
You closely miss the orc wizard.
The orc wizard is severely wounded.
* * * LOW HITPOINT WARNING * * *
You feel very sick. The orc wizard barely misses you.
You hit the orc wizard.
The orc wizard is severely wounded.
You die...

.# #....# #.....'.........
.#####....##############(........
.......................(....>....
.......................[...######
.#####....#####.#####......# .#
#....# #†.# #o.....# ## #....#
##.## #......#
#....######..###......######
#....#.....@o..)............
#....#.#####..####.######### ##.#
#.# #.# #.# #.# #.# ........# #.#
#.# ........# #.# #.# .....!..#
#.# #.# ........# #.# #.#


You could see an orc wizard.

Vanquished Creatures
  Terence (D:2)
  4 gnolls (D:3)
  6 adders
  2 worms
  4 dart slugs
  2 giant geckos
  3 orcs (D:3)
  6 bats
  2 giant cockroaches (D:1)
  5 goblins
  4 hobgoblins
  3 jackals (D:1)
  3 giant newts
  8 kobolds
  8 rats
61 creatures vanquished.

Vanquished Creatures (others)
  An orc wizard (D:3)
1 creature vanquished.

Grand Total: 62 creatures vanquished

Notes
Turn   | Place    | Note
-------+----------+-------------------------------------------
     0 | D:1      | epen the Merfolk Monk began the quest for the Orb.
     0 | D:1      | Reached XP level 1. HP: 18/18 MP: 1/1
    78 | D:1      | Reached XP level 2. HP: 24/24 MP: 2/2
   506 | D:1      | Reached skill level 1 in Armour
   799 | D:1      | Reached XP level 3. HP: 29/29 MP: 3/3
  1574 | D:2      | Found a burning altar of Makhleb.
  1727 | D:2      | Reached skill level 5 in Polearms
  1727 | D:2      | Reached XP level 4. HP: 35/35 MP: 4/4
  1837 | D:2      | You fall through a shaft!
  2037 | D:2      | Noticed Terence
  2062 | D:2      | Killed Terence
  2072 | D:2      | Reached XP level 5. HP: 25/42 MP: 5/5
  2437 | D:3      | Reached skill level 5 in Dodging
  2629 | D:3      | Noticed epen's ghost (amateur MfMo)
  3051 | D:3      | Found a runed door.
  3170 | D:3      | HP: 2/42 [poisoned by an orc wizard]
  3171 | D:3      | Succumbed to an orc wizard's poison

Vault maps used:
D:1:      minmay_arrival_jagged
D:2:      bloody_makhleb, uniq_terence
D:3:      first_bread, uniq_crazy_yiuf_cottage

Skill      XL: |  1  2  3  4  5 |
---------------+----------------+-----
Armour         | 1 2 |  2.4
Polearms       | 5 |  5.5
Fighting       | 4 |  4.1
Dodging        | 5 |  5.1
Stealth        | |  2.1

Action                   |  1- 3 |  4- 6 || total
-------------------------+-------+-------++-------
Melee: Spear             |    95 |   164 ||   259
  Use: Potion            |       |     4 ||     4
 Stab: Sleeping          |     7 |       ||     7
  Eat: Chunk             |     3 |     4 ||     7
Armor: Robe              |     6 |       ||     6
       Scale mail        |     1 |    40 ||    41
Dodge: Dodged            |    47 |    58 ||   105
